 Dungeon Crawl Stone Soup version 0.23.2-1-ga50397a (webtiles) character file.

Game seed: 517543140783141350

458 Fang the Skirmisher (level 7, 0/44 HPs)
             Began as a Gargoyle Berserker on May 23, 2019.
             Was a Believer of Trog.
             Slain by a worker ant (3 damage)
             ... on level 4 of the Dungeon.
             The game lasted 00:02:56 (3235 turns).

Fang the Skirmisher (Gargoyle Berserker)            Turns: 3235, Time: 00:02:57

Health: 0/44       AC:  8    Str: 22    XL:     7   Next: 6%
Magic:  7/7        EV: 13    Int:  8    God:    Trog [**....]
Gold:   197        SH:  0    Dex:  9    Spells: 6/6 levels left

rFire    . . .     SeeInvis .   a - +0 hand axe
rCold    . . .     Gourm    .   (no shield)
rNeg     + . .     Faith    .   b - +0 animal skin
rPois    ∞         Spirit   .   l - +1 hat
rElec    +         Reflect  .   (no cloak)
rCorr    .         Harm     .   (no gloves)
MR       +....                  (no boots)
Stlth    +.........             (no amulet)
HPRegen  0.14/turn              h - ring of protection from magic
MPRegen  0.10/turn              (no ring)

@: no status effects
A: negative energy resistance 1, electricity resistance, unbreathing,
petrification resistance, rot immunity, AC +4
a: Berserk, Trog's Hand, Renounce Religion


You were on level 4 of the Dungeon.
You worshipped Trog.
Trog was pleased with you.
You were not hungry.

You visited 1 branch of the dungeon, and saw 4 of its levels.

You collected 197 gold pieces.

Inventory:

Hand Weapons
 a - a +0 hand axe (weapon)
Armour
 b - a +0 animal skin (worn)
 l - a +1 hat (worn)
Jewellery
 h - a ring of protection from magic (left hand)
Scrolls
 d - a scroll of random uselessness {unknown}
 e - a scroll of magic mapping {unknown}
 g - 2 scrolls of remove curse {unknown}
 j - 3 scrolls of identify {unknown}
 n - a scroll of fog {unknown}
 o - 3 scrolls of teleportation {unknown}
 p - a scroll of amnesia {unknown}
 q - a scroll of immolation {unknown}
Potions
 f - a potion of mutation {unknown}
 i - a potion of heal wounds {unknown}
 m - a potion of resistance {unknown}
 r - a potion of degeneration {unknown}
 s - a potion of might {unknown}
Comestibles
 c - 6 rations


   Skills:
 + Level 5.1 Fighting
 + Level 4.1 Axes
 + Level 4.4 Armour
 + Level 3.2 Dodging


You had 6 spell levels left.
You didn't know any spells.
Your spell library was empty.

Dungeon Overview and Level Annotations

Branches:
Dungeon (4/15)
 Temple: D:4-7

Altars:
Ashenzari
Dithmenos
Hepliaklqana
Sif Muna
Wu Jian
The Shining One


Innate Abilities, Weirdness & Mutations

You are resistant to torment.
Your stone body is resilient. (AC +4)
You are immune to poison.
You resist negative energy. (rN+)
You are resistant to electric shocks. (rElec)
You can survive without breathing.
You are immune to petrification.
You are immune to rotting.


Message History

You hit the worker ant.
The worker ant is severely wounded.
The worker ant misses you.
You barely miss the worker ant.
The worker ant is severely wounded.
The worker ant bites you.
* * * LOW HITPOINT WARNING * * *
You hit the worker ant.
The worker ant is severely wounded.
The worker ant closely misses you. The worker ant misses you.
You hit the worker ant but do no damage.
The worker ant is severely wounded.
The worker ant closely misses you.
You barely miss the worker ant.
The worker ant is severely wounded.
The worker ant bites you but does no damage.
You closely miss the worker ant.
The worker ant is severely wounded.
The worker ant bites you.
You die...

.. # .# .#. .. ... .#
#.## .### #⌠..#+##.⌠#
#.........# ..
#........####... .#.
#...@...#...#... ..#.
+...a...+...#.. .....
#.......#...#.##.....
##........##.#..#.....
..........#.....#.....
.#⌠.##+##.⌠#.........#
+
####...###..#.....####
#........#.........
#...#....#.<.......


You could see a worker ant.

Vanquished Creatures
  Sigmund (D:3)
  A phantom (D:4)
  A scorpion (D:4)
  A worker ant (D:4)
  8 adders
  An ooze (D:3)
  2 worms
  2 dart slugs
  An orc (D:3)
  5 giant cockroaches
  7 goblins
  4 hobgoblins
  2 jackals (D:2)
  3 quokkas
  A ball python (D:3)
  8 bats
  A frilled lizard (D:3)
  6 kobolds
  9 rats
64 creatures vanquished.

Notes
Turn   | Place    | Note
-------+----------+-------------------------------------------
     0 | D:1      | Fang the Gargoyle Berserker began the quest for the Orb.
     0 | D:1      | Reached XP level 1. HP: 14/14 MP: 1/1
   168 | D:1      | Reached XP level 2. HP: 14/19 MP: 2/2
   770 | D:2      | Reached XP level 3. HP: 7/24 MP: 3/3
  1324 | D:2      | Reached ** piety under Trog
  1359 | D:2      | Reached XP level 4. HP: 29/29 MP: 4/4
  1736 | D:3      | Reached skill level 4 in Fighting
  1858 | D:3      | Found a faded altar of an unknown god.
  2255 | D:3      | Found an ornate altar of the Wu Jian Council.
  2256 | D:3      | Found a glowing golden altar of the Shining One.
  2261 | D:3      | Found a deep blue altar of Sif Muna.
  2265 | D:3      | Found a shadowy altar of Dithmenos.
  2265 | D:3      | Found a hazy altar of Hepliaklqana.
  2310 | D:3      | Noticed Sigmund
  2322 | D:3      | Killed Sigmund
  2322 | D:3      | Reached XP level 5. HP: 34/34 MP: 5/5
  2322 | D:3      | Reached XP level 6. HP: 39/39 MP: 6/6
  2785 | D:4      | Noticed a phantom
  2814 | D:4      | HP: 1/40 [phantom (6)]
  2891 | D:4      | Killed a phantom
  2891 | D:4      | Reached skill level 5 in Fighting
  3182 | D:4      | Found a shattered altar of Ashenzari.
  3186 | D:4      | Reached XP level 7. HP: 44/44 MP: 7/7
  3231 | D:4      | HP: 2/44 [worker ant (6)]
  3235 | D:4      | Slain by a worker ant

Skill      XL: |  1  2  3  4  5  6 |
---------------+-------------------+-----
Axes           | 3 4 |  4.1
Dodging        | 2 3 |  3.2
Armour         | 3 4 |  4.4
Fighting       | 4 5 |  5.1

Action                   |  1- 3 |  4- 6 |  7- 9 || total
-------------------------+-------+-------+-------++-------
Melee: Hand axe          |   116 |   141 |    34 ||   291
Invok: Berserk           |     2 |     3 |       ||     5
       Trog's Hand       |       |     1 |       ||     1
 Stab: Sleeping          |     1 |     1 |       ||     2
  Eat: Chunk             |     3 |     7 |       ||    10
       Ration            |       |     1 |       ||     1
Armor: Animal skin       |    58 |    63 |    12 ||   133
Dodge: Dodged            |   107 |    98 |    19 ||   224
